 Dungeon Crawl Stone Soup version 0.28.0-53-g5a82cb258f (webtiles) character file.

Game seed: 11597322082868977284

13052 CryoSword the Dealer of Despair (level 11, -10/85 HPs)
             Began as a Demonspawn Monk on May 24, 2022.
             Was an Elder of Kikubaaqudgha.
             Killed from afar by a fire dragon (52 damage)
             ... with a blast of flame
             ... on level 9 of the Dungeon.
             The game lasted 00:23:57 (12891 turns).

CryoSword the Dealer of Despair (Demonspawn Monk)  Turns: 12891, Time: 00:23:58

Health: -10/85     AC: 15    Str: 15    XL:     11   Next: 70%
Magic:  0/15       EV: 13    Int: 13    God:    Kikubaaqudgha [****..]
Gold:   479        SH: 12    Dex: 21    Spells: 5/16 levels left

rFire   . . .      SeeInvis .   L - +1 dagger (elec)
rCold   . . .      Faith    .   t - +0 buckler
rNeg    + . .      Spirit   +   M - +2 robe {Archmagi}
rPois   +          Reflect  +   p - +2 helmet
rElec   +          Harm     .   s - +2 cloak {rPois}
rCorr   .          Rampage  .   (no gloves)
Will    .....      Archmagi +   J - +0 pair of boots of the Caustic Grue {rN+}
Stlth   ++++......              D - amulet of reflection
HPRegen 0.24/turn               I - +6 ring of dexterity
MPRegen 0.28/turn               (no ring)

@: no status effects
A: thin metallic scales 3, magic shield, magic regeneration, demonic magic 1,
weakness stinger 2
a: Renounce Religion, Receive Corpses


You were on level 9 of the Dungeon.
You worshipped Kikubaaqudgha.
Kikubaaqudgha was greatly pleased with you.
You visited 2 branches of the dungeon, and saw 10 of its levels.

You collected 479 gold pieces.

Inventory:

Hand Weapons
 w - a +2 dagger of speed
   (You took it off a kobold on level 2 of the Dungeon)
 y - a +0 scimitar of flaming
   (You took it off Erica on level 8 of the Dungeon)
 L - a +1 dagger of electrocution (weapon)
   (You took it off an orc wizard on level 7 of the Dungeon)
 O - a +0 rapier
   (You found it on level 9 of the Dungeon)
Missiles
 r - 11 poisoned darts
 v - a boomerang
Armour
 p - a +2 helmet (worn)
   (You took it off Robin on level 3 of the Dungeon)
 s - a +2 cloak of poison resistance (worn)
   (You took it off Crazy Yiuf on level 3 of the Dungeon)
 t - a +0 buckler (worn)
   (You found it on level 4 of the Dungeon)
 G - a +2 robe of resistance
   (You took it off Blork the orc on level 6 of the Dungeon)
 J - the +0 pair of boots of the Caustic Grue (worn) {rN+}
   (You found it on level 8 of the Dungeon)

   rN:        It protects you from negative energy.
 M - a +2 robe of the Archmagi (worn)
   (You found it on level 8 of the Dungeon)
Jewellery
 D - an amulet of reflection (around neck)
   (You found it on level 5 of the Dungeon)
 I - a +6 ring of dexterity (left hand)
   (You found it on level 8 of the Dungeon)
 P - the ring of Henotheism {rN+ rCorr Int+6 Dex+3}
   (You took it off a meliai on level 9 of the Dungeon)

   [ring of intelligence]

   Int:       It affects your intelligence (+6).
   Dex:       It affects your dexterity (+3).
   rN:        It protects you from negative energy.
   rCorr:     It protects you from acid and corrosion.
Wands
 a - a wand of flame (48)
   (You took it off Maurice on level 8 of the Dungeon)
 q - a wand of iceblast (4)
   (You found it on level 3 of the Dungeon)
 u - a wand of acid (13) (quivered)
   (You found it on level 4 of the Dungeon)
 E - a wand of digging (9)
   (You took it off an orc on level 8 of the Dungeon)
Scrolls
 c - 2 scrolls of fog {unknown}
 d - 2 scrolls of enchant armour
 e - a scroll of summoning
 f - 3 scrolls of magic mapping
 g - a scroll of torment {unknown}
 i - 3 scrolls of teleportation {@r4}
 k - a scroll of fear {unknown}
 l - 3 scrolls of blinking
 n - a scroll of vulnerability {!r}
 o - a scroll of silence {unknown}
 x - a scroll of amnesia {unknown}
 N - a scroll of identify {@r1}
Potions
 b - 5 potions of curing {@q1}
 h - 2 potions of might
 j - a potion of cancellation {unknown}
 m - 2 potions of haste {@q3}
 z - 2 potions of berserk rage {unknown}
 A - 3 potions of lignification {unknown}
 B - 2 potions of resistance {unknown}
 C - 2 potions of attraction {unknown}
 F - a potion of heal wounds {@q2}
 H - a potion of brilliance
 K - a potion of ambrosia {unknown}


   Skills:
 - Level 7.7 Fighting
 * Level 7.5 Short Blades
 - Level 2.6 Polearms
 - Level 1.5 Armour
 - Level 3.3 Dodging
 + Level 7.2 Stealth
 - Level 7.0 Shields
 - Level 3.0 Spellcasting
 - Level 5.0 Hexes
 * Level 8.1 Necromancy
 - Level 5.0 Ice Magic


You had 5 spell levels left.
You knew the following spells:

 Your Spells              Type           Power      Damage    Failure   Level
a - Ensorcelled Hibernat  Hex/Ice        44%        N/A       5%          2
b - Dispel Undead         Necr           34%        3d15      11%         4
c - Agony                 Necr           34%        N/A       28%         5

Your spell library contained the following spells:

 Spells                   Type           Power      Damage    Failure   Level
 Animate Skeleton         Necr           68%        N/A       1%          1
 Sublimation of Blood     Necr           34%        N/A       1%          2
 Corpse Rot               Necr/Air       36%        N/A       9%          2
 Animate Dead             Necr           17%        N/A       11%         4
 Anguish                  Hex/Necr       14%        N/A       21%         4
 Excruciating Wounds      Necr           17%        N/A       28%         5
 Passwall                 Tmut/Erth      1%         N/A       41%         2
 Static Discharge         Conj/Air       2%         N/A       41%         2
 Spider Form              Tmut/Pois      2%         N/A       65%         3
 Swiftness                Air            2%         N/A       65%         3
 Leda's Liquefaction      Hex/Erth       6%         N/A       71%         4
 Lee's Rapid Deconstruct  Erth           1%         3d5*      100%        5
 Lightning Bolt           Conj/Air       1%         1d12      100%        5
 Simulacrum               Ice/Necr       14%        N/A       97%         6
 Statue Form              Tmut/Erth      1%         N/A       100%        6
 Maxwell's Capacitive Co  Air            1%         ∞         100%        8


Dungeon Overview and Level Annotations

Branches:
Dungeon (9/15)             Temple (1/1) D:6
   Lair: D:8-11         Orc: D:9-12

Altars:
Ashenzari
Cheibriados
Dithmenos
Elyvilon
Fedhas
Hepliaklqana
Kikubaaqudgha
Nemelex Xobeh
Okawaru
Qazlal
Ru
Sif Muna
Trog
Uskayaw
Vehumet
Wu Jian
Yredelemnul
The Shining One

Annotations:
D:4 1 runed translucent door, mpzz's ghost, amateur BaIE
D:5 exclusion: statue
D:7 3 runed translucent doors, DildoBatman's ghost, novice FoCj


Innate Abilities, Weirdness & Mutations

You are completely covered in thin metallic scales. (AC +4, rElec)
When hurt, damage is shared between your health and your magic reserves.
You regenerate magic rapidly.
Spells you cast may paralyse adjacent enemies.
You have a tail ending in a sharp stinger.


Message History

A centaur is nearby!
A centaur is nearby!
A centaur is nearby!
The centaur shouts!
The centaur shoots an arrow.
You reflect the arrow off an invisible shield around you!
The arrow closely misses the centaur.
The centaur shoots an arrow.
You reflect the arrow off an invisible shield around you!
The arrow hits the centaur!
The centaur shoots an arrow.
You reflect the arrow off an invisible shield around you!
The arrow hits the centaur!
You kill the centaur!
Kikubaaqudgha accepts your kill.
No target in view!
A yak is nearby!
A yak is nearby!
A yak is nearby!
Aim: a yak (wandering, hasn't noticed you, chance to affect: 54%)
You feel a surge of power!
The yak bellows!
The yak looks drowsy...
Malevolent energies surge around you. The yak gores you.
The helpless yak fails to defend itself.
You spit the yak like a pig!!!
You kill the yak!
Kikubaaqudgha accepts your kill. The yak gores you!
Aim: a yak (chance to affect: 54%)
You feel a surge of power!
The yak resists with significant effort.
Malevolent energies surge around you. The yak gores you but does no damage.
Aim: a yak (chance to affect: 54%)
You feel a surge of power!
The yak resists with significant effort.
Malevolent energies surge around you.
The yak suddenly stops moving!
The helpless yak fails to defend itself.
You stick the yak like a pincushion!!!
You kill the yak!
Kikubaaqudgha accepts your kill.
Your Necromancy skill increases to level 8!
You see here a +0 leather armour.
Things that are here:
a +0 shortbow; a +0 whip; 24 arrows
There is an open door here.
You see here a yak skeleton.
You now have 461 gold pieces (gained 6).
Key pressed, stopping explore.
Things that are here:
a +0 chain mail; a +0 flail
There is an open door here.
There is an open door here.
There is an open door here.
There is an open door here.
There is an open door, spattered with blood here.
Key pressed, stopping explore.
There is an open door here.
There is an open door here.
Things that are here:
40 arrows; a +0 shortbow; a +0 shortbow You now have 479 gold pieces (gained 18).
A meliai comes into view.
It is wielding a +0 hand axe and wearing the ring of Henotheism {rN+ rCorr Int+6 Dex+3}.
A meliai is nearby!
A meliai is nearby!
A meliai is nearby!
The meliai hits you but does no damage. You block the meliai's attack.
The meliai barely misses you. x2
Aim: a meliai, wielding a +0 hand axe, wearing a +0 robe and wearing the ring of Henotheism {rN+ rCorr Int+6 Dex+3} (chance to affect: 54%)
You feel a surge of power!
You miscast Ensorcelled Hibernation.
You are very lightly contaminated with residual magic.
Nothing appears to happen.
The meliai misses you. You block the meliai's attack.
The meliai hits you with a +0 hand axe! You block the meliai's attack.
Aim: a meliai, wielding a +0 hand axe, wearing a +0 robe and wearing the ring of Henotheism {rN+ rCorr Int+6 Dex+3} (chance to affect: 54%)
You feel a surge of power!
The meliai looks drowsy...
Malevolent energies surge around you.
The helpless meliai fails to defend itself.
You stick the meliai like a pincushion!!!
You kill the meliai!
Kikubaaqudgha accepts your kill.
Your magical contamination has completely faded away.
P - the ring of Henotheism {rN+ rCorr Int+6 Dex+3}
Things that are here:
a +0 hand axe; a +0 robe
There is an open door here.
A fire dragon is nearby!
A fire dragon is nearby!
The fire dragon roars deafeningly!
Aim: a fire dragon (chance to affect: 21%)
You feel a surge of power!
The fire dragon looks drowsy...
Malevolent energies surge around you.
The fire dragon roars deafeningly!
You block the fire dragon's attack. x2
The fire dragon tramples you but does no damage.
You hit the fire dragon but do no damage.
The fire dragon breathes flames at you. The blast of flame hits you!!
You feel a surge of power!
The fire dragon is unaffected.
Malevolent energies surge around you. You block the fire dragon's attack.
The fire dragon claws you but does no damage.
The fire dragon tramples you!
You stumble backwards!
You feel a surge of power!
The fire dragon is unaffected.
Malevolent energies surge around you. The fire dragon misses you.
The fire dragon claws you but does no damage.
You block the fire dragon's attack.
Unknown command.
You feel a surge of power!
The fire dragon is unaffected.
Malevolent energies surge around you. You block the fire dragon's attack.
The fire dragon claws you but does no damage.
The fire dragon barely misses you.
Aim: a fire dragon (chance to affect: 21%)
You feel a surge of power!
The fire dragon resists with almost no effort.
Malevolent energies surge around you. You block the fire dragon's attack. x2
The fire dragon tramples you but does no damage.
Aim: a fire dragon (chance to affect: 21%)
You feel a surge of power!
The fire dragon resists with almost no effort.
Malevolent energies surge around you. The fire dragon closely misses you.
The fire dragon claws you. You block the fire dragon's attack.
Aim: a fire dragon (chance to affect: 21%)
You feel a surge of power!
The fire dragon resists with almost no effort.
Malevolent energies surge around you. The fire dragon breathes flames at you.
The blast of flame hits you!!
* * * LOW HITPOINT WARNING * * *
Aim: a fire dragon (catching its breath, chance to affect: 21%)
You feel a surge of power!
The fire dragon resists with almost no effort.
Malevolent energies surge around you. The fire dragon bites you!
* * * LOW HITPOINT WARNING * * *
You block the fire dragon's attack. x2
You feel much better. You block the fire dragon's attack.
The fire dragon claws you but does no damage.
The fire dragon tramples you.
* * * LOW HITPOINT WARNING * * *
You stumble backwards!
The fire dragon bites you but does no damage.
You block the fire dragon's attack. x2
The fire dragon breathes flames at you. The blast of flame hits you!!!
Ouch! That really hurt!
You die...
Kikubaaqudgha rasps: "You have failed me!
Welcome... death!"

##..#####..........##.#
####....#.######.##.#.#
..####..#.....)####.#.#
##..####'.##.####..##.#
.#....###..####.#.###.#
.#....).#####...#..##.#
.#....##'##...#.##.##.#
##..#####...###..#.##.####
..#####.###...##@#.##....#
####.#.#'####.#..#.##..#.#
###.#.#.#..####..D?##.##.########
.#.#.#.##....####..##...........#
#.#.#.#.#.#....######.##.######.#
.#.#.#.##...#....####....# #.#
###.#.#.#.#)..#....##.#### #.#
####.#.##...#....####.# #.#
..#####.#.#....###....# #.#


You could see a fire dragon (catching breath).

Vanquished Creatures
  Erica (D:8)
  2 centaur warriors (D:9)
  A boulder beetle (D:9)
  3 two-headed ogres (D:9)
  Maurice (D:8)
  Joseph (D:8)
  A troll (D:8)
  2 meliai (D:9)
  A hornet (D:9)
  Grinder (D:6)
  A polar bear (D:8)
  Sigmund (D:2)
  A wraith (D:9)
  16 yaks
  2 wyverns
  2 acid dragons
  2 water moccasins
  6 orc warriors
  A sky beast (D:6)
  A black bear (D:5)
  A hornet zombie (D:8)
  5 ice beasts
  2 ogres (D:6)
  6 centaurs
  A phantom (D:5)
  Blork the orc (D:6)
  3 bullfrogs
  A gnoll sergeant (D:8)
  A wyvern zombie (D:9)
  A scorpion (D:7)
  A killer bee (D:9)
  A howler monkey (D:4)
  A centaur zombie (D:8)
  2 lava snakes (D:8)
  2 hounds
  Crazy Yiuf (D:3)
  A centaur skeleton (D:4)
  4 orc priests
  A gnoll shaman (D:5)
  Ijyb (D:3)
  2 bullfrog skeletons
  11 orc wizards
  3 iguanas
  A scorpion zombie (D:5)
  A centaur simulacrum (D:8)
  Robin (D:3)
  12 gnolls
  A howler monkey skeleton (D:4)
  6 adders
  2 shadow imps (D:8)
  4 white imps
  A howler monkey simulacrum (D:8)
  An ufetubus (D:8)
  2 worms (D:3)
  A dart slug (D:4)
  21 orcs
  4 endoplasms
  5 giant cockroaches
  16 goblins
  9 hobgoblins
  6 jackals
  2 quokkas
  5 ball pythons
  4 bats
  6 frilled lizards
  12 kobolds
  A quokka skeleton (D:4)
  3 rats (D:1)
227 creatures vanquished.

Vanquished Creatures (others)
  An orc wizard (D:8)
1 creature vanquished.

Grand Total: 228 creatures vanquished

Notes
Turn   | Place    | Note
-------+----------+-------------------------------------------
     0 | D:1      | CryoSword the Demonspawn Monk began the quest for the Orb.
     0 | D:1      | Reached XP level 1. HP: 18/18 MP: 1/1
   315 | D:1      | Gained mutation: You are partially covered in thin metallic
                  | scales. (AC +2) [demonic ancestry]
   315 | D:1      | Reached XP level 2. HP: 24/24 MP: 2/2
  1037 | D:1      | Gained mutation: Spells you cast may paralyse adjacent
                  | enemies. [demonic ancestry]
  1037 | D:1      | Reached XP level 3. HP: 29/30 MP: 3/3
  1097 | D:2      | HP: 1/31 [poisoned by an adder]
  1794 | D:2      | Found a hide-covered altar of Uskayaw.
  1802 | D:2      | Noticed Sigmund
  1823 | D:2      | Killed Sigmund
  1824 | D:2      | Gained mutation: You have a small tail. [demonic ancestry]
  1824 | D:2      | Reached XP level 4. HP: 14/41 MP: 4/4
  1824 | D:2      | Reached XP level 5. HP: 17/47 MP: 5/5
  2159 | D:3      | Noticed Ijyb
  2172 | D:3      | Killed Ijyb
  2452 | D:3      | Reached XP level 6. HP: 53/53 MP: 6/6
  2755 | D:3      | Noticed Robin
  2787 | D:3      | Killed Robin
  3331 | D:3      | Found a runed translucent door.
  3332 | D:3      | Noticed Crazy Yiuf
  3521 | D:3      | Killed Crazy Yiuf
  4053 | D:4      | Reached skill level 1 in Shields
  4277 | D:4      | Found a runed translucent door.
  4277 | D:4      | Noticed mpzz's ghost (amateur BaIE)
  4286 | D:4      | Gained mutation: You regenerate magic rapidly. [demonic
                  | ancestry]
  4286 | D:4      | Reached XP level 7. HP: 60/60 MP: 7/7
  4468 | D:4      | Learned a level 2 spell: Ensorcelled Hibernation
  4604 | D:4      | Reached skill level 1 in Armour
  4985 | D:5      | Entered Level 5 of the Dungeon
  5012 | D:5      | Reached skill level 1 in Hexes
  5068 | D:5      | Found a radiant altar of Vehumet.
  5074 | D:5      | Reached skill level 1 in Ice Magic
  5201 | D:5      | Noticed a yak
  5202 | D:5      | Noticed a yak
  5202 | D:5      | Noticed a yak
  5272 | D:4      | Killed a yak
  5785 | D:4      | Gained mutation: You are mostly covered in thin metallic
                  | scales. (AC +3) [demonic ancestry]
  5785 | D:4      | Reached XP level 8. HP: 39/68 MP: 1/8
  5977 | D:5      | Reached skill level 1 in Short Blades
  7313 | D:6      | Noticed Blork the orc
  7326 | D:6      | Killed Blork the orc
  7396 | D:6      | Reached skill level 1 in Spellcasting
  7531 | D:6      | Found a staircase to the Ecumenical Temple.
  7595 | Temple   | Entered the Ecumenical Temple
  7676 | Temple   | Became a worshipper of Kikubaaqudgha
  7676 | Temple   | Reached * piety under Kikubaaqudgha
  7676 | Temple   | Received a gift from Kikubaaqudgha
  7676 | Temple   | Reached ** piety under Kikubaaqudgha
  8065 | D:6      | Noticed Grinder
  8081 | D:6      | Killed Grinder
  8082 | D:6      | Reached skill level 1 in Necromancy
  8082 | D:6      | Gained mutation: You are completely covered in thin
                  | metallic scales. (AC +4, rElec) [demonic ancestry]
  8082 | D:6      | Reached XP level 9. HP: 73/73 MP: 9/11
  8237 | D:7      | Found a runed translucent gate.
  8237 | D:7      | Found a runed translucent gate.
  8241 | D:7      | Found a runed translucent gate.
  8387 | D:7      | Reached skill level 2 in Necromancy
  8842 | D:7      | Noticed DildoBatman's ghost (novice FoCj)
  9431 | D:8      | Noticed Joseph
  9443 | D:8      | Noticed Erica
  9444 | D:8      | Killed Joseph
  9445 | D:8      | Reached skill level 5 in Shields
  9445 | D:8      | Reached skill level 3 in Necromancy
  9456 | D:8      | Killed Erica
  9457 | D:8      | Reached skill level 5 in Stealth
  9686 | D:8      | Gained mutation: When hurt, damage is shared between your
                  | health and your magic reserves. [demonic ancestry]
  9686 | D:8      | Reached XP level 10. HP: 76/80 MP: 9/13
  9713 | D:8      | Reached skill level 4 in Necromancy
  9850 | D:8      | Noticed Maurice
  9862 | D:8      | Reached *** piety under Kikubaaqudgha
  9862 | D:8      | Received a gift from Kikubaaqudgha
  9881 | D:7      | Learned a level 4 spell: Dispel Undead
  9887 | D:7      | Learned a level 5 spell: Agony
 10079 | D:8      | Killed Maurice
 10080 | D:8      | Reached skill level 5 in Short Blades
 10135 | D:8      | Found a sparkling altar of Nemelex Xobeh.
 10351 | D:8      | Identified the +0 pair of boots of the Caustic Grue {rN+}
 10399 | D:8      | Reached skill level 5 in Necromancy
 11221 | D:9      | Noticed a boulder beetle
 11228 | D:9      | Killed a boulder beetle
 11241 | D:9      | Reached skill level 5 in Hexes
 11580 | D:9      | Gained mutation: You have a tail ending in a sharp stinger.
                  | [demonic ancestry]
 11580 | D:9      | Reached XP level 11. HP: 85/85 MP: 12/15
 11605 | D:9      | Reached skill level 6 in Necromancy
 11627 | D:9      | Noticed a centaur warrior
 11653 | D:9      | Killed a centaur warrior
 11757 | D:9      | Reached **** piety under Kikubaaqudgha
 11891 | D:9      | Noticed a two-headed ogre
 11900 | D:9      | Killed a two-headed ogre
 11901 | D:9      | Reached skill level 5 in Ice Magic
 11949 | D:9      | Noticed a centaur warrior
 11949 | D:9      | Noticed a two-headed ogre
 11950 | D:9      | Noticed a boulder beetle
 11953 | D:9      | Identified the amulet "Roev Zan" {Reflect Contam rC+ Will++
                  | Slay+3 SH+5}
 11957 | D:9      | Noticed a fire dragon
 11958 | D:9      | Killed a centaur warrior
 11960 | D:9      | Killed a two-headed ogre
 11961 | D:9      | Reached skill level 7 in Necromancy
 12342 | D:9      | Noticed a two-headed ogre
 12348 | D:9      | Killed a two-headed ogre
 12534 | D:9      | Reached skill level 8 in Necromancy
 12792 | D:9      | Identified the ring of Henotheism {rN+ rCorr Int+6 Dex+3}
 12891 | D:9      | Killed from afar by a fire dragon

Illustrated notes

Levels and vault maps discovered:
D:1:      wander_arrival_chamber, layout_loops_ring, roderic_serpentine_path,
          minmay_misc_feat_enclosed
D:2:      layout_rooms, basic_altar, uniq_sigmund
D:3:      minmay_door_path, layout_basic, kennysheep_generic_room_12, uniq_ijyb,
          uniq_crazy_yiuf_cottage, uniq_robin
D:4:      layout_loops_cross, gammafunk_ghost_grave, hangedman_decor_growths,
          minmay_hedge_maze
D:5:      layout_basic, mainiacjoe_overflow_cross_hatched, vehumet_statue,
          grunt_decor_clamped
D:6:      layout_loops_ring, minmay_temple_entry_steel_oval, uniq_blork_the_orc,
          uniq_grinder
D:7:      layout_loops_corners, gammafunk_ghost_icy
D:8:      layout_rooms, mainiacjoe_overflow_small_starburst, serial_ice,
          serial_ice_o, serial_ice_g, serial_ice_e, serial_ice_d,
          nicolae_lava_and_water, minmay_fractal_squares_5, uniq_maurice,
          uniq_joseph, uniq_erica
D:9:      minmay_the_grid_triangle_9x9_rhombus_full
          [minmay_the_grid_triangle_9x9_negative_grid,
          minmay_the_grid_triangle_9x9_corrupted_corridor,
          minmay_the_grid_triangle_9x9_steps,
          minmay_the_grid_triangle_9x9_checkered,
          minmay_the_grid_triangle_9x9_intruding_spiral,
          minmay_the_grid_triangle_9x9_wacky_v,
          minmay_the_grid_triangle_9x9_from_above,
          minmay_the_grid_triangle_9x9_prize_special], layout_loops_corners
Temple:   mainiacjoe_temple_bowtie_tessellation

Skill      XL: |  1  2  3  4  5  6  7  8  9 10 11 |
---------------+----------------------------------+-----
Fighting       | 4 6 7 |  7.7
Shields        | 1 2 4 5 6 7 |  7.0
Dodging        | 3 |  3.3
Armour         | 1 |  1.5
Hexes          | 2 3 4 5 |  5.0
Ice Magic      | 2 3 4 5 |  5.0
Short Blades   | 3 4 5 7 |  7.5
Stealth        | 3 5 6 7 |  7.2
Spellcasting   | 1 2 3 |  3.0
Necromancy     | 1 3 5 8 |  8.1
Polearms       | |  2.6

Action                   |  1- 3 |  4- 6 |  7- 9 | 10-12 || total
-------------------------+-------+-------+-------+-------++-------
Melee: Spear             |   124 |       |       |       ||   124
       Punch             |     4 |       |       |       ||     4
       Whip              |    19 |   162 |    69 |       ||   250
       Tailslap          |       |    34 |    57 |    21 ||   112
       Dagger            |       |       |   235 |   148 ||   383
 Cast: Ensorcelled Hiber |       |       |    67 |    82 ||   149
Evoke: Wand              |       |     3 |    10 |     7 ||    20
  Use: Scroll            |     1 |       |     9 |     3 ||    13
       Potion            |       |       |       |     1 ||     1
 Stab: Sleeping          |     5 |       |    23 |    32 ||    60
       Paralysed         |       |       |    42 |    32 ||    74
Armor: Robe              |    14 |       |    69 |    80 ||   163
       Plate armour      |    44 |   148 |    33 |       ||   225
Dodge: Dodged            |    41 |    42 |   102 |    58 ||   243
Block: Buckler           |       |     8 |    60 |    93 ||   161
       Reflection        |       |       |     3 |     9 ||    12
